Selects Armored Support Battlegroup
Construct Light Support Kompanie
Construct Mechanized Kompanie
Selects Superior Fire Drills
Marder III Tank Destroyer
Selects Vehicle Awareness
Construct Panzerarmee Kommand
Walking Stuka Rocket Launcher
Marder III Tank Destroyer
Selects Flammpanzer III Medium Tank
Selects Command Panzer IV F Medium Tank
Command Panzer IV F Medium Tank
Marder III Tank Destroyer
Marder III Tank Destroyer